 Dungeon Crawl Stone Soup version 0.31.0-11-ge490571c62 (webtiles) character file.

Game seed: 12559489687614384704

3460 NamelessAdventurer the Cleaver (level 10, -11/74 HPs)
             Began as a Human Fighter on Feb 4, 2024.
             Was the Champion of Jiyva.
             Mangled by a two-headed ogre
             ... wielding a +0 giant spiked club
              (26 damage)
             ... on level 9 of the Dungeon.
             The game lasted 00:20:07 (6140 turns).

NamelessAdventurer the Cleaver (Human Fighter)      Turns: 6140, Time: 00:20:08

Health: -11/74     AC:  4    Str: 25    XL:     10   Next: 6%
Magic:  13/13      EV: 18    Int: 11    God:    Jiyva [******]
Gold:   175        SH:  6    Dex: 19    Spells: 13/13 levels left

rFire   + + .        v - +1 trident of Chagrin {flame, rPois rF+ rCorr Str+3}
rCold   . . .        c - +0 buckler
rNeg    . . .        b - +0 scale mail
rPois   +            (no helmet)
rElec   .            (no cloak)
rCorr   +            (no gloves)
SInv    .            (no boots)
Will    +....        (no amulet)
Stlth   ++++         e - +5 ring of evasion
HPRegen 1.92/turn    j - ring of Duul {Fly rF- Will+ Str+6}
MPRegen 0.93/turn

%: no passive effects
@: flying
A: explore regen, thin skeletal structure 1, agile 1, fire resistance 2,
eyeballs 1, pseudopods 3, sturdy frame 3
a: Renounce Religion, Oozemancy, Slimify


You were on level 9 of the Dungeon.
You worshipped Jiyva.
Jiyva was exalted by your worship.
You visited 1 branch of the dungeon, and saw 9 of its levels.

You collected 175 gold pieces.

Inventory:

Hand Weapons
 a - a +1 war axe
 v - the +1 trident of Chagrin (weapon) {flame, rPois rF+ rCorr Str+3}
   (You found it on level 8 of the Dungeon)

   Str+3:     It affects your strength (+3).
   rF+:       It protects you from fire.
   rPois:     It protects you from poison rCorr: It protects you from acid and
   corrosion.
Missiles
 k - 3 boomerangs (quivered)
 p - 2 throwing nets
 u - 6 curare-tipped darts
Armour
 b - a +0 scale mail (worn)
 c - a +0 buckler (worn)
Jewellery
 e - a +5 ring of evasion (left hand)
 f - an amulet of regeneration
 j - the ring of Duul (right hand) {Fly rF- Will+ Str+6}
   (You acquired it on level 7 of the Dungeon)

   [ring of strength]

   Str+6:     It affects your strength (+6).
   rF-:       It makes you vulnerable to fire.
   Will+:     It increases your willpower.
   Fly:       It grants you flight.
 q - a +5 ring of evasion
 s - a +5 ring of evasion
Wands
 m - a wand of flame (19)
 n - a wand of digging (5)
 o - a wand of charming (1)
Scrolls
 l - a scroll of teleportation
Potions
 d - a potion of might
 g - a potion of cancellation
 h - a potion of invisibility
 i - 2 potions of curing
 t - a potion of magic


   Skills:
 * Level 5.3 Fighting
 - Level 8.3 Axes
 * Level 0.5(5.1) Polearms
 * Level 4.1 Throwing
 * Level 5.6 Armour
 * Level 3.8 Dodging
 * Level 4.1 Stealth
 * Level 5.1 Shields
 * Level 2.3 Spellcasting
 * Level 2.8 Evocations


You had 13 spell levels left.
You didn't know any spells.
Your spell library contained the following spells:

 Spells                   Type           Power      Damage    Failure   Level
 Lesser Beckoning         Tloc           2%         N/A       50%         2
 Dazzling Flash           Conj/Hex       2%         N/A       75%         3
 Gell's Gravitas          Tloc           1%         N/A       75%         3
 Teleport Other           Tloc           1%         N/A       75%         3
 Volatile Blastmotes      Fire/Tloc      2%         2d10      75%         3
 Starburst                Conj/Fire      0%         6d3       100%        6
 Maxwell's Capacitive Co  Air            0%         ∞         100%        8


Dungeon Overview and Level Annotations

Branches:
Dungeon (9/15)             Temple (0/1) D:5            Lair (0/5) D:9
    Orc: D:9-12

Altars:
Cheibriados
Dithmenos
Elyvilon
Gozag
Kikubaaqudgha
Qazlal
Ru
Sif Muna
Trog
Wu Jian
Jiyva

Shops:
D:6 (


Innate Abilities, Weirdness & Mutations

You regain HP and MP as you explore.
You have a somewhat thin skeletal structure. (Dex +2, Stealth+)
You are agile. (Dex +4, Str/Int -1)
Your flesh is very heat resistant. (rF++)
Your body has grown eyes which may confuse attackers. (Acc +3)
Armour fits poorly on your massive pseudopods.
Your movements are significantly less encumbered by armour. (ER -6)


Message History

Aim: an orc, wielding a +0 hand axe (chance to affect: 72%)
The orc struggles to resist.
The orc misses you. The orc warrior closely misses you.
Unknown command.
Aiming: Charm
Press: ? - help, Shift-Dir - straight line, f - two-headed ogre, p - orc
Aim: a two-headed ogre, wielding a +0 giant spiked club and a +0 giant club (chance to affect: 37%)
The two-headed ogre resists with some effort.
The two-headed ogre misses you.
The two-headed ogre completely misses you.
The orc hits you with a +0 hand axe.
The orc warrior hits you with a +0 battleaxe!
The eyeballs on your body gaze at the orc warrior.
Aiming: Charm
Press: ? - help, Shift-Dir - straight line, f - orc warrior, p - two-headed ogre
Aim: an orc warrior, wielding a +0 battleaxe and wearing a +0 plate armour (severely wounded, confused, chance to affect: 55%)
The orc warrior is charmed.
The orc barely misses your orc warrior. The orc barely misses you.
Your orc warrior closely misses the two-headed ogre.
Your orc warrior hits the orc with a +0 battleaxe!
The orc is killed!
The two-headed ogre misses you.
The two-headed ogre hits you with a +0 giant club!
What are your orders? t - Shout!
Orders for allies: a - Attack new target. p - Attack previous target. r - Retreat! s - Stop attacking. g - Guard the area. f - Follow me.
Anything else - Cancel.
Gang up on whom?
Press: ? - help, Dir - move target, f - two-headed ogre, p - orc warrior
Aim: a two-headed ogre, wielding a +0 giant spiked club and a +0 giant club Attack!
You block the orc's attack.
Unknown command.
The two-headed ogre attacks as it pursues you!
The two-headed ogre hits you with a +0 giant spiked club!!
* * * LOW HITPOINT WARNING * * *
You shudder from the blow and a jelly pops out!
The two-headed ogre hits you with a +0 giant club!!
You die...

....~†.....##.### .#
...~≈~..........####....
...~~~~.....##.).....#
....~≈......##.#.###.#
...........#...#.###.#
#####>######.###.....#
## #.# #..#### #.#
#..#### .# #@OJ).#
#.oo....# #....#...#
......#>#.... ###.###< .
### .. .#.. .#. .# ..
#.## ## ###


You could see a two-headed ogre (ally target), an orc, a friendly azure jelly
(summoned) and a friendly orc warrior (charmed, confused).

Vanquished Creatures
  Erica (D:8)
  A wraith (D:7)
  3 yaks (D:7)
  An acid dragon (D:8)
  Duvessa (D:5)
  A water moccasin (D:9)
  A sky beast (D:6)
  An ice beast (D:5)
  2 orc warriors
  2 ogres
  A centaur (D:9)
  A phantom (D:7)
  A kobold brigand (D:6)
  A bullfrog (D:8)
  4 scorpions
  4 killer bees (D:7)
  A bombardier beetle (D:6)
  3 orc priests
  3 hounds
  2 gnoll boudas
  A sleepcap (D:5)
  3 iguanas
  6 adders
  8 gnolls
  A shadow imp (D:6)
  3 white imps
  3 ufetubi (D:6)
  A ribbon worm (D:5)
  3 dart slugs
  21 orcs
  An endoplasm (D:1)
  A giant cockroach (D:3)
  5 goblins
  5 hobgoblins
  3 jackals (D:1)
  9 kobolds
  2 quokkas
  8 ball pythons
  7 bats
  3 frilled lizards
  5 rats
134 creatures vanquished.

Vanquished Creatures (collateral kills)
  An ogre (D:5)
  Dowan (D:5)
2 creatures vanquished.

Vanquished Creatures (others)
  Eustachio (D:5)
  An ice beast (D:8)
  8 jellies
  An orc priest (D:6)
  Natasha (thrice) (D:2)
  An orc wizard (D:6)
  5 gnolls
  2 dart slugs (D:2)
  A ribbon worm (D:2)
  9 orcs
  3 bats
  7 endoplasms
  4 goblins
  A hobgoblin (D:4)
  A ball python (D:2)
  A frilled lizard (D:2)
  2 kobolds
  3 rats
54 creatures vanquished.

Grand Total: 190 creatures vanquished

Notes
Turn   | Place    | Note
-------+----------+-------------------------------------------
     0 | D:1      | NamelessAdventurer the Human Fighter began the quest for
                  | the Orb.
     0 | D:1      | Reached XP level 1. HP: 18/18 MP: 1/1
    44 | D:1      | Found a faded altar of an unknown god.
    74 | D:1      | Prayed at the altar of an unknown god.
    74 | D:1      | Became a worshipper of Jiyva Joeniq the Shapeless
    74 | D:1      | Reached * piety under Jiyva
   125 | D:1      | Reached XP level 2. HP: 21/24 MP: 2/2
   272 | D:1      | Reached ** piety under Jiyva
   329 | D:1      | Reached XP level 3. HP: 25/29 MP: 3/3
   901 | D:2      | Reached XP level 4. HP: 25/35 MP: 2/4
   904 | D:2      | Reached skill level 1 in Stealth
   943 | D:2      | Reached skill level 3 in Axes
  1037 | D:2      | Killed Natasha
  1158 | D:2      | Killed Natasha
  1187 | D:2      | Killed Natasha
  1280 | D:3      | Reached *** piety under Jiyva
  1292 | D:3      | Gained mutation: You are covered in slimy tendrils that may
                  | disarm your opponents. [Jiyva's grace]
  1292 | D:3      | Gained mutation: Your body has grown eyes which may confuse
                  | attackers. (Acc +3) [Jiyva's grace]
  1292 | D:3      | Gained mutation: Your body has grown many eyes which may
                  | confuse attackers. (Acc +5) [Jiyva's grace]
  1292 | D:3      | Gained mutation: Your body is covered in eyes which may
                  | confuse attackers. (Acc +7, SInv) [Jiyva's grace]
  1314 | D:3      | Found a stormy altar of Qazlal.
  1357 | D:3      | Reached skill level 1 in Dodging
  1642 | D:3      | Reached XP level 5. HP: 41/41 MP: 5/5
  1803 | D:3      | Reached **** piety under Jiyva
  2053 | D:4      | Reached XP level 6. HP: 47/47 MP: 6/6
  2168 | D:4      | Reached skill level 1 in Throwing
  2276 | D:4      | Reached skill level 4 in Axes
  2483 | D:4      | Lost mutation: Your body is covered in eyes which may
                  | confuse attackers. (Acc +7, SInv) [Jiyva's grace]
  2483 | D:4      | Gained mutation: You have a small jelly attached to you
                  | that may absorb projectiles. [Jiyva's grace]
  2483 | D:4      | Gained mutation: Your flesh is heat resistant. (rF+)
                  | [Jiyva's grace]
  2483 | D:4      | Gained mutation: Your flesh is very heat resistant. (rF++)
                  | [Jiyva's grace]
  2483 | D:4      | Gained mutation: Your flesh is almost immune to the effects
                  | of heat. (rF+++) [Jiyva's grace]
  2619 | D:5      | Entered Level 5 of the Dungeon
  2620 | D:5      | Found a staircase to the Ecumenical Temple.
  2739 | D:5      | Found an opulent altar of Gozag.
  2751 | D:5      | Reached ***** piety under Jiyva
  2788 | D:5      | Noticed Duvessa
  2789 | D:5      | Noticed Dowan
  2797 | D:5      | Killed Duvessa
  2798 | D:5      | Reached XP level 7. HP: 47/53 MP: 7/7
  2802 | D:5      | Killed Dowan
  2816 | D:5      | Found an ancient bone altar of Kikubaaqudgha.
  2977 | D:5      | Found a snail-covered altar of Cheibriados.
  3001 | D:5      | Found a white marble altar of Elyvilon.
  3048 | D:5      | Noticed Eustachio
  3062 | D:5      | Killed Eustachio
  3063 | D:5      | Reached skill level 5 in Axes
  3415 | D:6      | Found an ornate altar of the Wu Jian Council.
  3486 | D:6      | Reached XP level 8. HP: 60/60 MP: 8/8
  3489 | D:6      | Found Cuhoim's Antique Weapon Emporium.
  3899 | D:6      | Reached skill level 6 in Axes
  3924 | D:6      | Found a sacrificial altar of Ru.
  3991 | D:6      | Lost mutation: You have a small jelly attached to you that
                  | may absorb projectiles. [Jiyva's grace]
  3991 | D:6      | Gained mutation: Your movements are slightly less
                  | encumbered by armour. (ER -2) [Jiyva's grace]
  3991 | D:6      | Gained mutation: Your movements are less encumbered by
                  | armour. (ER -4) [Jiyva's grace]
  3991 | D:6      | Gained mutation: Your movements are significantly less
                  | encumbered by armour. (ER -6) [Jiyva's grace]
  3991 | D:6      | Gained mutation: You have a somewhat thin skeletal
                  | structure. (Dex +2, Stealth+) [Jiyva's grace]
  4290 | D:7      | Found a shadowy altar of Dithmenos.
  4439 | D:7      | Reached skill level 5 in Armour
  4613 | D:7      | Reached ****** piety under Jiyva
  4630 | D:7      | Reached skill level 1 in Evocations
  4663 | D:7      | Identified a scroll of acquirement
  4663 | D:7      | Acquired the ring of Duul {Fly rF- Will+ Str+6}
  4760 | D:7      | Noticed a wraith
  4760 | D:7      | Noticed a yak
  4760 | D:7      | Noticed a yak
  4761 | D:7      | Noticed a yak
  4765 | D:7      | Killed a wraith
  4766 | D:7      | Reached skill level 1 in Spellcasting
  4766 | D:7      | Reached XP level 9. HP: 66/66 MP: 8/10
  4767 | D:7      | Reached skill level 7 in Axes
  4820 | D:7      | Reached skill level 5 in Fighting
  5304 | D:8      | Noticed Erica
  5323 | D:8      | Killed Erica
  5324 | D:8      | Reached skill level 8 in Axes
  5373 | D:8      | Reached skill level 5 in Shields
  5473 | D:8      | Found a shimmering blue altar of Sif Muna.
  5631 | D:8      | Reached XP level 10. HP: 66/74 MP: 13/13
  5637 | D:8      | Identified the +1 trident of Chagrin {flame, rPois rF+
                  | rCorr Str+3}
  5676 | D:8      | Found a bloodstained altar of Trog.
  6087 | D:9      | Lost mutation: Your flesh is almost immune to the effects
                  | of heat. (rF+++) [Jiyva's grace]
  6087 | D:9      | Lost mutation: Your body has grown many eyes which may
                  | confuse attackers. (Acc +5) [Jiyva's grace]
  6087 | D:9      | Lost mutation: You are covered in slimy tendrils that may
                  | disarm your opponents. [Jiyva's grace]
  6087 | D:9      | Gained mutation: Armour fits poorly on your pseudopods.
                  | [Jiyva's grace]
  6087 | D:9      | Gained mutation: Armour fits poorly on your large
                  | pseudopods. [Jiyva's grace]
  6087 | D:9      | Gained mutation: Armour fits poorly on your massive
                  | pseudopods. [Jiyva's grace]
  6087 | D:9      | Gained mutation: You are agile. (Dex +4, Str/Int -1)
                  | [Jiyva's grace]
  6088 | D:9      | Found a staircase to the Lair.
  6131 | D:9      | Noticed a two-headed ogre
  6140 | D:9      | Mangled by a two-headed ogre

Illustrated notes

Levels and vault maps discovered:
D:1:      lemuel_arrival_muddy, layout_basic, ebering_ecumenical_altar_abandoned
D:2:      layout_rooms, uniq_natasha
D:3:      layout_basic, grunt_qazlal_clouds
D:4:      layout_loops_ring
D:5:      layout_gridville, lemuel_round_altar,
          mainiacjoe_overflow_cross_hatched, mainiacjoe_overflow_two_lobes,
          minmay_temple_entry_junction, minmay_misc_feat_rows, uniq_eustachio,
          uniq_duvessa
D:6:      minmay_diamond_boxcup, layout_rooms, mainiacjoe_overflow_paths,
          nzn_wu_jian_contemplation, serial_shops, nicolae_inconvenience_store
D:7:      layout_basic, mainiacjoe_overflow_alcove_1, serial_curves,
          eino_curves_04, eino_curves_01
D:8:      layout_basic, lemuel_round_altar, mainiacjoe_overflow_boulevard,
          kennysheep_generic_room_6, uniq_erica
D:9:      layout_basic, nicolae_uskayaw_dance_hall,
          gammafunk_temple_overflow_statue, lair_entry_dummy, enter_bailey_3

Skill      XL: |  1  2  3  4  5  6  7  8  9 |
---------------+----------------------------+-----
Stealth        | 1 2 3 4 |  4.1
Axes           | 3 4 5 6 8 |  8.3
Dodging        | 1 2 3 |  3.8
Throwing       | 1 2 3 4 |  4.1
Armour         | 4 5 |  5.6
Fighting       | 4 5 |  5.3
Shields        | 4 5 |  5.1
Evocations     | 1 2 |  2.8
Spellcasting   | 1 2 |  2.3
Polearms       | |  0.5

Action                     |  1- 3 |  4- 6 |  7- 9 | 10-12 || total
---------------------------+-------+-------+-------+-------++-------
  Melee: War axe           |    93 |    95 |   203 |       ||   391
         Trident           |       |       |       |    21 ||    21
         Pseudopods        |       |       |       |     3 ||     3
  Throw: Throwing net      |     1 |     1 |       |       ||     2
         Boomerang         |       |       |    41 |     3 ||    44
 Invoke: Oozemancy         |       |       |     1 |       ||     1
  Evoke: Wand              |       |       |       |     3 ||     3
    Use: Scroll            |     1 |     4 |     2 |     2 ||     9
   Stab: Confused          |       |     5 |     6 |       ||    11
         Sleeping          |       |       |     3 |       ||     3
 Armour: Scale mail        |    59 |    47 |   108 |    16 ||   230
  Dodge: Dodged            |   128 |    68 |   178 |    38 ||   412
  Block: Buckler           |    30 |    29 |    63 |     7 ||   129
